[Event "Late-Titled-Tuesday-Blitz-September-05-2023"]
[Site "Chess.com"]
[Date "2023.09.05"]
[Round "10"]
[White "cthulhuuu"]
[Black "KorolDimitriy75"]
[Result "1-0"]
[WhiteElo "2469"]
[BlackElo "2337"]
[TimeControl "180+1"]
[EndTime "15:54:47 PDT"]
[Termination "cthulhuuu won on time"]

1. e4 c5 2. Nf3 d6 3. g3 g6 4.
Bg2 Bg7 5. O-O Nc6 6. d3 e5 7.
Nc3 Nge7 8. Nd2 O-O 9. Nc4 f5 10. f4 Be6 11. Nd5 Qd7 12. a4 Rae8 13. c3 h6 14. a5 Kh7 15. Qa4 Nc8 16. a6 fxe4 17.
Bxe4 Bxd5 18. Bxd5 N8e7 19. Bg2 b6 20. Be3 d5 21.
Nxe5 Nxe5 22. fxe5 Rxf1+ 23. Kxf1 Qxa4 24. Rxa4 Bxe5 25. Bf4 Bxf4 26. Rxf4 Nf5 27. Bxd5 Ne3+ 28. Kf2 Nxd5 29.
Rf7+ Kg8 30. Rxa7 Rf8+ 31. Ke1 Rf7 32. Rb7 Nc7 33. a7 Na8 34. Rb8+ Rf8 35. d4 cxd4 36. cxd4 Kf7 37. Kd2 Ke7 38. d5 Rd8 39. Kc3 Kd7 40. d6 Rc8+ 41. Kb4 1-0

[Event "Late-Titled-Tuesday-Blitz-September-05-2023"]
[Site "Chess.com"]
[Date "2023.09.05"]
[Round "10"]
[White "Djager97"]
[Black "realburq"]
[Result "1-0"]
[WhiteElo "2532"]
[BlackElo "2401"]
[TimeControl "180+1"]
[EndTime "15:54:48 PDT"]
[Termination "Djager97 won by resignation"]

1. e4 c5 2. Nf3 Nc6 3. Bb5 e6 4. O-O Nge7 5. d4 cxd4 6. Nxd4 a6 7. Be2 Nxd4 8. Qxd4 Nc6 9. Qc3 Qf6 10. Qxf6 gxf6 11. Nd2 Bc5 12. c3 b5 13. a4 b4 14. a5 bxc3 15.
bxc3 Ne5 16. Rb1 Ke7 17. Nb3 Ba7 18. Nd4 Bc5 19. Be3 Bd6 20. f4 Nc6 21. Nxc6+ dxc6 22. Rb6 Bd7 23. c4 Rhb8 24. c5 Bc7 25. Rd1 Bxb6 26. cxb6 Rb7 27. Bc5+ Ke8 28. e5 f5 29. Rd3 Rd8 30. Rg3 Bc8 31. Rg8+ Kd7 32. Rxd8+ Kxd8 33. Bxa6 Kd7 34. Bc4 Rb8 35. a6 Bxa6 36. Bxa6 Ra8 37. b7 Rg8 38. Bd6 c5 1-0

[Event "Late-Titled-Tuesday-Blitz-September-05-2023"]
[Site "Chess.com"]
[Date "2023.09.05"]
[Round "10"]
[White "Michalczak"]
[Black "NovikovaGalina"]
[Result "0-1"]
[WhiteElo "2490"]
[BlackElo "2411"]
[TimeControl "180+1"]
[EndTime "15:54:51 PDT"]
[Termination "NovikovaGalina won by checkmate"]

1. e4 e6 2. d4 d5 3. Nc3 Bb4 4. e5 c5 5. a3 Bxc3+ 6. bxc3 Ne7 7. Qg4 Kf8 8. Bd2 Qa5 9. a4 Nbc6 10. Nh3 Qc7 11. Bd3 Nf5 12. Qf4 cxd4 13. Bxf5 dxc3 14.
Bxc3 exf5 15. O-O Be6 16. Bb4+ Nxb4 17. Qxb4+ Kg8 18. Rfe1 h6 19. Nf4 Kh7 20. Rab1 Rab8 21. a5 Rhc8 22. Re2 Qc4 23. Qd2 b5 24. Rb4 Qc7 25.
Rd4 Rd8 26. h4 Rbc8 27. Qe3 Qc3 28. Rd3 Qxa5 29. Qg3 Qb4 30. Nh5 Qg4 31. Nf4 Qxg3 32. Rxg3 a5 33. Nh5 Rg8 34. f4 b4 35. Rd2 a4 36.
Rgd3 a3 37. Rb3 Rc4 38. g3 Ra8 39. c3 a2 40. Rxa2 Rxa2 41. cxb4 Rc1# 0-1

[Event "Late-Titled-Tuesday-Blitz-September-05-2023"]
[Site "Chess.com"]
[Date "2023.09.05"]
[Round "10"]
[White "azikom"]
[Black "Fengwi"]
[Result "1-0"]
[WhiteElo "2638"]
[BlackElo "2414"]
[TimeControl "180+1"]
[EndTime "15:54:53 PDT"]
[Termination "azikom won on time"]

1. e4 c5 2. Nc3 d6 3. g3 Nc6 4.
Bg2 g6 5. d3 Bg7 6. h4 Nf6 7.
Nge2 Rb8 8. Nf4 h6 9. h5 g5 10. Nfd5 Nd7 11. f4 e6 12. Ne3 gxf4 13. gxf4 Nd4 14. Ne2 Bf6 15. c3 Bh4+ 16. Kf1 Nxe2 17. Qxe2 Be7 18. Bd2 Nf6 19. e5 dxe5 20. fxe5 Nd7 21.
Ng4 Bg5 22. Rh3 Bxd2 23. Qxd2 Qc7 24. Re1 b6 25. Nxh6 Bb7 26. Qg5 Bxg2+ 27. Kxg2 Nxe5 28. Rhe3 Rxh6 29. Qxh6 Ng4 30. Rxe6+ fxe6 31. Qxe6+ Kd8 32.
Qxg4 Qc6+ 33. Qf3 Qh6 34. Qf7 1-0

[Event "Late-Titled-Tuesday-Blitz-September-05-2023"]
[Site "Chess.com"]
[Date "2023.09.05"]
[Round "10"]
[White "tylityli"]
[Black "Rinqed222"]
[Result "1-0"]
[WhiteElo "2318"]
[BlackElo "2233"]
[TimeControl "180+1"]
[EndTime "15:54:54 PDT"]
[Termination "tylityli won by resignation"]

1. d4 Nf6 2. c4 g6 3. Nc3 Bg7 4. e4 d6 5. Nge2 O-O 6. Ng3 e5 7. d5 h5 8. Bg5 Qe8 9. Be2 Nh7 10. Be3 h4 11. Nf1 f5 12. exf5 gxf5 13. f4 Nf6 14. Qc2 Ng4 15. Bd2 exf4 16. Bxf4 Na6 17. a3 Nc5 18. h3 Ne5 19. O-O-O a5 20.
Nd2 c6 21. Bg5 Qg6 22. Bxh4 Qxg2 23. Rdg1 Qxg1+ 24. Rxg1 f4 25. Nf3 Bf5 26. Qd1 Ned3+ 27. Bxd3 Nxd3+ 28. Kd2 Nxb2 29. Qb3 Nd3 30. Rg5 Nc5 31.
Qd1 Kh7 32. Qg1 Bxc3+ 33. Kxc3 Ne4+ 34. Kb2 Nxg5 35. Qxg5 Bg6 36. Qe7+ Rf7 37. Ng5+ Kg7 38. Nxf7 Bxf7 39. Qxd6 Re8 40. Qxf4 cxd5 41. cxd5 Re2+ 42. Kc3 Re8 43. d6 Rc8+ 44. Kd2 Rc4 45. Qg5+ Kf8 46.
Qe7+ Kg7 47. d7 Rd4+ 48. Ke3 Rd1 49. d8=Q 1-0

[Event "Late-Titled-Tuesday-Blitz-September-05-2023"]
[Site "Chess.com"]
[Date "2023.09.05"]
[Round "10"]
[White "Nekoo04"]
[Black "sterpfi"]
[Result "0-1"]
[WhiteElo "2283"]
[BlackElo "2189"]
[TimeControl "180+1"]
[EndTime "15:54:54 PDT"]
[Termination "sterpfi won by resignation"]

1. e4 c6 2. Nc3 d5 3. Nf3 dxe4 4. Nxe4 Nf6 5. Nxf6+ exf6 6. h3 Bd6 7. Bc4 O-O 8.
O-O Re8 9. d4 Nd7 10. c3 Nf8 11. Re1 Bf5 12. Rxe8 Qxe8 13. Be3 Qd7 14. Qb3 Re8 15.
Re1 Re7 16. d5 c5 17. Nh4 Bxh3 18. gxh3 Qxh3 19. Ng2 Qh2+ 20. Kf1 Qh1+ 21. Ke2 Qxg2 22. Kd2 Ng6 23. Qb5 b6 24. Qc6 Bf4 25. Qc8+ Nf8 26.
Re2 Bxe3+ 27. fxe3 Qe4 28. b3 b5 29. Bxb5 Qxd5+ 30. Bd3 Rd7 31. Qa6 c4 32. Qxc4 Qxc4 33. bxc4 Ne6 34.
Kc2 Nc5 35. Rd2 Nxd3 36. Rxd3 Rxd3 37. Kxd3 Kf8 38. c5 Ke7 39. Kc4 Kd7 40. Kb5 Kc7 41.
Ka6 h5 42. Kxa7 h4 43. a4 h3 44. a5 h2 45. a6 h1=Q 0-1

[Event "Late-Titled-Tuesday-Blitz-September-05-2023"]
[Site "Chess.com"]
[Date "2023.09.05"]
[Round "10"]
[White "NoGalloNoParty"]
[Black "jorquerino"]
[Result "0-1"]
[WhiteElo "2518"]
[BlackElo "2347"]
[TimeControl "180+1"]
[EndTime "15:54:59 PDT"]
[Termination "jorquerino won by resignation"]

1. b3 Nf6 2. Bb2 g6 3. g3 Bg7 4. Bg2 O-O 5. c4 d6 6. Nc3 e5 7.
d3 Nh5 8. Nf3 f5 9. Qc2 Nc6 10.
a3 h6 11. b4 g5 12. b5 Ne7 13. Nd5 Nf6 14. Nd2 Rb8 15. h4 g4 16. a4 Be6 17.
e4 Bxd5 18. cxd5 f4 19. Rc1 Rc8 20. Bf1 Nh5 21. Rg1 Ng6 22. Be2 fxg3 23. fxg3 Nxg3 24. Nf1 Nxf1 25. Bxf1 Qxh4+ 26. Kd1 Rf2 27. Qc3 h5 28.
Rc2 Rcf8 29. Be2 Nf4 30. Re1 Ng2 31. Bc1 Nxe1 32. Qxe1 R8f7 33. a5 Kh7 34. a6 bxa6 35. bxa6 Bh6 36. Bxh6 Kxh6 37. Rb2 g3 38. Rb7 g2 39.
Rxa7 Rf1 40. Rxc7 Qxe1+ 0-1

[Event "Late-Titled-Tuesday-Blitz-September-05-2023"]
[Site "Chess.com"]
[Date "2023.09.05"]
[Round "10"]
[White "OYAcosta"]
[Black "Dr_crypt"]
[Result "0-1"]
[WhiteElo "2265"]
[BlackElo "2376"]
[TimeControl "180+1"]
[EndTime "15:55:00 PDT"]
[Termination "Dr_crypt won by checkmate"]

1. d4 Nf6 2. Bf4 d6 3. Nc3 Nbd7 4. e4 c5 5. Nge2 cxd4 6. Nb1 e5 7. Bg5 Qb6 8. Qc1 Nxe4 9. Bh4 g5 10. Bg3 h5 11.
f3 Nxg3 12. hxg3 Be7 13. Nd2 Nc5 14. a3 a5 15. Nc4 Qc7 16. b3 b5 17. Nb2 Be6 18. Kf2 Rc8 19. Qd2 Qb6 20. Nc1 d3 21. Ke1 dxc2 22. b4 Nb3 23. Nxb3 Bxb3 24. bxa5 Qd4 25.
Bd3 Qxb2 26. Ke2 d5 27. Rac1 Bxa3 28. Bxb5+ Kf8 29. Qxg5 Qxc1 30. Rxc1 Bxc1 31. Qxc1 Ke7 32. Qg5+ Ke6 33. Qc1 Bc4+ 34. Bxc4 Rxc4 35. a6 Ra8 36. Kd3 Rxa6 37. Qh6+ f6 38. Qc1 Rb6 39. g4 Rb1 40.
Qa3 c1=Q 41. Qa6+ Rc6 42. Qa8 Rb3+ 43. Ke2 Rc2# 0-1

[Event "Late-Titled-Tuesday-Blitz-September-05-2023"]
[Site "Chess.com"]
[Date "2023.09.05"]
[Round "10"]
[White "Beca95"]
[Black "ContrVersia"]
[Result "1-0"]
[WhiteElo "2975"]
[BlackElo "2897"]
[TimeControl "180+1"]
[EndTime "15:55:01 PDT"]
[Termination "Beca95 won by resignation"]

1. d4 Nf6 2. c4 e6 3. Nc3 Bb4 4. e3 b6 5. Ne2 Ba6 6. a3 Bxc3+ 7.
Nxc3 d5 8. b3 O-O 9. Bb2 dxc4 10. bxc4 Nc6 11. Bd3 Na5 12. Qe2 c5 13. dxc5 Nb3 14.
Rd1 Qe7 15. cxb6 axb6 16. O-O Nc5 17. Bb1 Rfc8 18. Rd4 Nb3 19. Rh4 h6 20. Nb5 Na5 21. a4 e5 22. Bf5 Nd7 23. Rg4 Rc6 24. Be4 Rac8 25. Ba3 Qe6 26. Bd5 Qf5 27. e4 Qf6 28. f4 Re6 29. f5 Rec6 30. Rg6 Qd8 31. Qg4 Nf6 32. Bxf7+ Kh8 33. Qh4 Bxb5 34. axb5 Rxc4 35. Bxc4 Nxc4 36. Bc1 Qd4+ 37. Kh1 Qxe4 38. Rxh6+ gxh6 39. Qxf6+ Kg8 40. Qe6+ 1-0

[Event "Late-Titled-Tuesday-Blitz-September-05-2023"]
[Site "Chess.com"]
[Date "2023.09.05"]
[Round "10"]
[White "Colombiano07"]
[Black "Alexei_Gubajdullin"]
[Result "0-1"]
[WhiteElo "2415"]
[BlackElo "2588"]
[TimeControl "180+1"]
[EndTime "15:55:01 PDT"]
[Termination "Alexei_Gubajdullin won on time"]

1. d4 Nf6 2. c4 g6 3. f3 Bg7 4.
e4 O-O 5. Nc3 d6 6. Be3 Nc6 7.
Nge2 a6 8. Qd2 Rb8 9. h4 h5 10. Bh6 b5 11. Bxg7 Kxg7 12. Nf4 bxc4 13. Bxc4 e5 14.
dxe5 Nxe5 15. Bb3 c5 16. O-O-O c4 17. Bc2 Qb6 18. b3 Qb4 19. Ncd5 Qa3+ 20. Kb1 Nxd5 21.
Nxd5 Be6 22. Qc1 Qc5 23. Qb2 f6 24. Qd4 Bxd5 25. Qxc5 dxc5 26. Rxd5 cxb3 27. axb3 c4 28. Kb2 Rfc8 29. Ra1 cxb3 30. Bxb3 Nc4+ 31. Ka2 Ne3 32. Rd7+ Kh6 33. Rd6 Nxg2 34. Rxf6 Nxh4 35. Rxa6 Nxf3 36. Rd1 Rc3 37. Bf7 Ne5 38. Be6 Nd3 39. Ka1 Nb4 40. Ra4 Nc2+ 41. Ka2 Ne3 0-1

[Event "Late-Titled-Tuesday-Blitz-September-05-2023"]
[Site "Chess.com"]
[Date "2023.09.05"]
[Round "10"]
[White "HajiyevKanan"]
[Black "valemava"]
[Result "0-1"]
[WhiteElo "2450"]
[BlackElo "2308"]
[TimeControl "180+1"]
[EndTime "15:55:01 PDT"]
[Termination "valemava won on time"]

1. d4 c6 2. Nf3 b5 3. c4 bxc4 4. d5 Qa5+ 5. Nc3 Nf6 6. dxc6 Nxc6 7. Bd2 e6 8. e4 Bb4 9. Bxc4 Ba6 10. Bxa6 Qxa6 11. Qe2 Qxe2+ 12. Kxe2 Bxc3 13. Bxc3 Nxe4 14. Bxg7 Rg8 15. Bh6 Rxg2 16. Bf4 Rxf2+ 17. Ke3 d5 18. Ng5 Rxb2 19. Nxe4 dxe4 20. Kxe4 Rd8 21. Be3 Rb4+ 22. Kf3 f5 23. Rhd1 Ne5+ 24. Kg3 Nd3 25. Kf3 e5 26.
Bxa7 Rd7 27. Be3 e4+ 28. Kg3 Rg7+ 29. Kh3 f4 30. Bg1 Rb5 31. Kh4 Ne5 32. Rf1 Nf3+ 33. Rxf3 exf3 34. Re1+ Kf7 35. Bd4 Rg2 36. Rf1 Rxh2+ 37.
Kg4 Rd2 38. Ba1 Rd3 39. a3 Rbb3 40. Kxf4 Rxa3 41. Be5 Ra4+ 42. Kg3 Ke6 43. Bf4 Kf5 44. Bc1 Rg4+ 45. Kh3 h5 46. Rf2 Ke4 47. Bh6 Rd1 48. Kh2 Re1 0-1

[Event "Late-Titled-Tuesday-Blitz-September-05-2023"]
[Site "Chess.com"]
[Date "2023.09.05"]
[Round "10"]
[White "rdarruda"]
[Black "CFalcons8"]
[Result "1-0"]
[WhiteElo "2507"]
[BlackElo "2321"]
[TimeControl "180+1"]
[EndTime "15:55:04 PDT"]
[Termination "rdarruda won on time"]

1. Nf3 Nf6 2. b3 e6 3. Bb2 d5 4. e3 Nbd7 5. Be2 c5 6. O-O Bd6 7. d4 O-O 8. c4 dxc4 9. bxc4 Qe7 10. Nc3 a6 11. Qc2 b6 12. Rfe1 Bb7 13. Rab1 e5 14. d5 g6 15. e4 Nh5 16. g3 Ng7 17. Bc1 f6 18. Nh4 f5 19. exf5 gxf5 20. Bh6 Qf6 21. Qd2 e4 22. Rbc1 Rae8 23. Rb1 f4 24. Bxg7 Qxg7 25.
Bh5 e3 26. fxe3 fxg3 27. Bxe8 Rxe8 28. Nf5 gxh2+ 29. Kh1 Qf6 30. Nxd6 Qxd6 31. Qxh2 Qxh2+ 32. Kxh2 Ne5 33. Rg1+ Kh8 34. Rg3 Nxc4 35. e4 b5 36. Rf1 Ne5 37. Rf5 Bc8 38. Rf6 Ng4+ 39. Rxg4 Bxg4 40.
d6 b4 41. Na4 Rxe4 42. Nxc5 Rd4 43. Kg3 Kg7 44. Rf4 Rxf4 45. Kxf4 Bh3 46. Nxa6 1-0

[Event "Late-Titled-Tuesday-Blitz-September-05-2023"]
[Site "Chess.com"]
[Date "2023.09.05"]
[Round "10"]
[White "canary2016"]
[Black "Verony64"]
[Result "0-1"]
[WhiteElo "2062"]
[BlackElo "2240"]
[TimeControl "180+1"]
[EndTime "15:55:05 PDT"]
[Termination "Verony64 won on time"]

1. e4 d6 2. d4 c6 3. Nf3 Nd7 4. Bc4 e5 5. O-O Be7 6. c3 Ngf6 7. dxe5 dxe5 8. Re1 O-O 9. Bg5 b5 10. Bb3 Qc7 11.
Qe2 Nc5 12. Nbd2 Bg4 13. Bxf6 Bxf6 14. h3 Bh5 15. Qe3 Nxb3 16. axb3 a5 17. Qc5 Rfe8 18. c4 Rab8 19. Rec1 Rec8 20. Qa3 bxc4 21. bxc4 Qb6 22.
Qxa5 Qxa5 23. Rxa5 Rxb2 24. Rca1 h6 25. Ra6 Rc2 26. g4 Bg6 27. Kg2 Bg5 28. Nxg5 hxg5 29.
Nf3 Bxe4 30. R6a5 Rc3 31. R1a3 Bxf3+ 32. Kg3 Rxa3 33. Rxa3 Be2 34. Re3 Bxc4 35. Rxe5 f6 36. Rc5 Bd5 37. f4 Re8 38. fxg5 fxg5 39. Rc3 Re4 40. h4 Kf7 41. hxg5 Kg6 42. Ra3 Kxg5 43. Ra7 g6 0-1

[Event "Late-Titled-Tuesday-Blitz-September-05-2023"]
[Site "Chess.com"]
[Date "2023.09.05"]
[Round "10"]
[White "BogdanDeac"]
[Black "jcibarra"]
[Result "1-0"]
[WhiteElo "3010"]
[BlackElo "2906"]
[TimeControl "180+1"]
[EndTime "15:55:06 PDT"]
[Termination "BogdanDeac won by resignation"]

1. e4 c5 2. Nf3 e6 3. d4 cxd4 4. Nxd4 Bc5 5. Be3 Qb6 6. Na3 d5 7. exd5 exd5 8. c3 Bxa3 9. Qa4+ Bd7 10. Qxa3 Qg6 11. O-O-O Ne7 12. Re1 Qf6 13. h4 h6 14.
Nb5 O-O 15. Qd6 Qxd6 16. Nxd6 b6 17. Bxh6 Nf5 18. Nxf5 Bxf5 19. Be3 Nc6 20. Bb5 Rac8 21. Rd1 Rfd8 22. Bd4 Na5 23. Rhe1 Nc4 24. f3 Nd6 25. Ba6 Rc7 26. Bd3 Bxd3 27. Rxd3 Nf5 28. h5 Ng3 29. Be5 Re7 30. Bxg3 Rxe1+ 31. Bxe1 Kh7 32. g4 Kh6 33.
Bd2+ Kh7 34. Rd4 f6 35. Kd1 Kg8 36. f4 b5 37. f5 Kf7 38. a4 a6 39. axb5 axb5 40. Ke2 Re8+ 41. Kf3 Re5 42. Bf4 1-0

[Event "Late-Titled-Tuesday-Blitz-September-05-2023"]
[Site "Chess.com"]
[Date "2023.09.05"]
[Round "10"]
[White "Taran2004"]
[Black "2k28Lakers"]
[Result "0-1"]
[WhiteElo "2421"]
[BlackElo "2544"]
[TimeControl "180+1"]
[EndTime "15:55:06 PDT"]
[Termination "2k28Lakers won by resignation"]

1. e4 e5 2. Nf3 Nc6 3. d4 exd4 4. Nxd4 Nf6 5. Nxc6 bxc6 6. e5 Qe7 7. Qe2 Nd5 8. h4 Qe6 9. g3 d6 10. exd6 Bxd6 11.
Qxe6+ Bxe6 12. Bg2 Nb4 13. Na3 O-O-O 14. O-O Rhe8 15. Be3 Kb8 16. c3 Nd5 17. Bd4 f6 18.
Rfe1 Bf7 19. Nc4 c5 20. Be3 Nxe3 21. Nxe3 g6 22. Bd5 Be6 23. Bxe6 Rxe6 24. Nc4 Rde8 25.
Kf1 Kb7 26. Rxe6 Rxe6 27. Re1 Rxe1+ 28. Kxe1 Kc6 29. Ke2 Kd5 30. Kd3 f5 31. Ne3+ Ke5 32. Nc4+ Kd5 33. Nd2 Be7 34. Ke3 c4 35. Nf3 h6 36. b3 Bf6 37. Nd2 cxb3 38. c4+ Kc5 39. axb3 Kb4 40. h5 g5 41. Kd3 Bc3 42. Nb1 Be1 43. f4 gxf4 44. gxf4 Bg3 45. Ke3 Kxb3 46. Nd2+ Kb4 47. Nf3 a5 48. Nd4 a4 49. Nxf5 a3 50. Nd4 a2 51. f5 Be5 52. Nc2+ Kb3 53. Ke4 Kxc2 0-1

[Event "Late-Titled-Tuesday-Blitz-September-05-2023"]
[Site "Chess.com"]
[Date "2023.09.05"]
[Round "10"]
[White "Jenia84"]
[Black "boldpilot22622"]
[Result "1-0"]
[WhiteElo "2365"]
[BlackElo "2499"]
[TimeControl "180+1"]
[EndTime "15:55:06 PDT"]
[Termination "Jenia84 won by resignation"]

1. Nf3 c5 2. g3 Nc6 3. Bg2 g6 4. O-O Bg7 5. c3 e6 6. e4 Nge7 7. d3 O-O 8. Be3 b6 9. Nbd2 d5 10. exd5 exd5 11. d4 Nf5 12. Bg5 f6 13. Be3 Nxe3 14.
fxe3 Re8 15. Re1 Bh6 16. Nf1 Bg4 17. h3 Bf5 18. g4 Be4 19. Ng3 f5 20. dxc5 fxg4 21.
hxg4 bxc5 22. Nxe4 dxe4 23. Qb3+ Kh8 24. Rad1 Qf6 25. g5 Bxg5 26. Nxg5 Qxg5 27. Qd5 Ne5 28. Qxe4 Ng4 29. Qf4 Qxf4 30. exf4 Rxe1+ 31. Rxe1 Rd8 32. Bf3 Nf6 33. Re6 Nd5 34. Bxd5 Rxd5 35. Ra6 Rd1+ 36.
Kf2 Rd2+ 37. Ke3 Rxb2 38. Rxa7 h5 39. Kf3 Rc2 40. Kg3 Rxc3+ 41. Kh4 c4 42. Rc7 Rc2 43. a4 c3 44. a5 Ra2 45. Kg5 Rxa5+ 46. Kxg6 Ra6+ 47.
Kxh5 Ra3 48. f5 Kg8 49. Kg6 Kf8 50. f6 Ra8 51. Rxc3 Rd8 52. Rh3 Kg8 53. f7+ 1-0

[Event "Late-Titled-Tuesday-Blitz-September-05-2023"]
[Site "Chess.com"]
[Date "2023.09.05"]
[Round "10"]
[White "eljanov"]
[Black "Russian_berezka"]
[Result "1-0"]
[WhiteElo "2891"]
[BlackElo "2618"]
[TimeControl "180+1"]
[EndTime "15:55:09 PDT"]
[Termination "eljanov won on time"]

1. d4 Nf6 2. c4 e6 3. Nc3 Bb4 4. e3 O-O 5. Bd3 d5 6. a3 Bxc3+ 7. bxc3 dxc4 8. Bxc4 c5 9. Nf3 Qc7 10. Be2 b6 11.
O-O Bb7 12. Bb2 Nbd7 13. c4 Rfd8 14. Re1 cxd4 15. exd4 Nc5 16. h3 h6 17. a4 Rac8 18.
Ra3 a5 19. Bf1 Nce4 20. Ne5 Nd6 21. Bd3 Be4 22. Bxe4 Nfxe4 23. Rf3 f5 24. Qe2 Nxc4 25. Rc1 Nxe5 26. Rxc7 Nxf3+ 27. gxf3 Rxc7 28. fxe4 Rcd7 29. d5 exd5 30. exf5 d4 31. Qe6+ Kh7 32. f6 gxf6 33. Qf5+ Kg7 34. Bc1 d3 35. Bd2 Re7 36. Qg4+ Kf7 37.
Qh5+ Ke6 38. Qxh6 Rd6 39. h4 Kd7 40. h5 Re2 41. Qf4 Rd5 42. Kf1 Ke6 43. h6 Rf5 44. h7 Rxf4 45. Bxf4 Kf5 46. Be3 Rc2 47. h8=Q 1-0

[Event "Late-Titled-Tuesday-Blitz-September-05-2023"]
[Site "Chess.com"]
[Date "2023.09.05"]
[Round "10"]
[White "zeitnot2006"]
[Black "KrokerGuy"]
[Result "1-0"]
[WhiteElo "2743"]
[BlackElo "2504"]
[TimeControl "180+1"]
[EndTime "15:55:09 PDT"]
[Termination "zeitnot2006 won on time"]

1. e4 e5 2. Nc3 Nf6 3. g3 d5 4.
exd5 Nxd5 5. Bg2 Nxc3 6. bxc3 Nc6 7. Nf3 Be6 8. Rb1 Rb8 9. a4 Be7 10. O-O O-O 11. Re1 Bf6 12. d3 Re8 13. c4 Qd7 14. Bb2 Bh3 15. Bxh3 Qxh3 16. Qe2 Re6 17. Qe4 b6 18.
Bc3 Nd8 19. Rb5 Nb7 20. Qe3 Nd6 21. Rbb1 e4 22. Nd4 Bxd4 23. Qxd4 Nf5 24. Qd5 Rh6 25.
Qxe4 Qxh2+ 26. Kf1 Re6 27. Qg2 Qxg2+ 28. Kxg2 Rbe8 29. Rxe6 Rxe6 30. a5 f6 31. Kf3 Kf7 32.
a6 Ne7 33. Bd2 Nc6 34. Bf4 Nd4+ 35. Kg2 Re7 36. c3 Ne6 37. Be3 c5 38. d4 Rc7 39.
d5 Nf8 40. Bf4 Re7 41. Kf3 Nd7 42. Bd6 Ne5+ 43. Ke2 Re8 44. Bxe5 Rxe5+ 45. Kd3 Ke7 46. Rxb6 1-0

[Event "Late-Titled-Tuesday-Blitz-September-05-2023"]
[Site "Chess.com"]
[Date "2023.09.05"]
[Round "10"]
[White "mbojan"]
[Black "bazar-wokzal"]
[Result "1/2-1/2"]
[WhiteElo "2796"]
[BlackElo "2533"]
[TimeControl "180+1"]
[EndTime "15:55:11 PDT"]
[Termination "Game drawn - insufficient material"]

1. Nf3 c5 2. g3 Nc6 3. Bg2 e5 4. O-O g5 5. d4 cxd4 6. Bxg5 f6 7. Bc1 d5 8. c3 dxc3 9. Nxc3 d4 10. Ne4 Be6 11.
e3 dxe3 12. Bxe3 Qxd1 13. Rfxd1 Rd8 14. a3 Be7 15. b4 a6 16. Rxd8+ Kxd8 17. Nc5 Bxc5 18.
Bxc5 Nge7 19. Rd1+ Kc8 20. Rc1 Kb8 21. a4 Nd5 22. b5 axb5 23. axb5 Na5 24. Nd2 Rd8 25.
Ne4 Nb3 26. Rd1 Kc7 27. Nxf6 Nxf6 28. b6+ Kc8 29. Rxd8+ Kxd8 30. Bd6 e4 31. Be5 Ke7 32.
Bxf6+ Kxf6 33. Bxe4 Nc5 34. Bxh7 Na4 35. Be4 Bc8 36.
f3 Nxb6 37. Kf2 Nc4 38. g4 Ke5 39. h4 b5 40. h5 Kf6 41. f4 Bxg4 42. h6 b4 43. Bd5 Nb6 44. Bb3 Nd7 45. Ke3 Nc5 46. Bc4 b3 47. Kd2 Bf5 48. Kc3 Bc2 49. Bxb3 Bxb3 50.
Kb4 Nd3+ 51. Kxb3 Nxf4 52. h7 Kg7 53. h8=R Kxh8 1/2-1/2

[Event "Late-Titled-Tuesday-Blitz-September-05-2023"]
[Site "Chess.com"]
[Date "2023.09.05"]
[Round "10"]
[White "AlexNovitz"]
[Black "InadaC"]
[Result "1/2-1/2"]
[WhiteElo "2212"]
[BlackElo "2143"]
[TimeControl "180+1"]
[EndTime "15:55:13 PDT"]
[Termination "Game drawn by stalemate"]

1. e4 e6 2. d4 d5 3. c4 dxe4 4. Nc3 Nf6 5. f3 exf3 6. Nxf3 Be7 7. Bd3 c5 8. d5 exd5 9. cxd5 O-O 10. O-O Qb6 11.
Kh1 Bg4 12. h3 Bh5 13. Re1 Bd6 14. Bg5 Nbd7 15. Qc2 Bg3 16. Rf1 Rfe8 17. Nh4 h6 18.
Bxf6 Nxf6 19. Nf5 Be5 20. g4 Bg6 21. Rae1 Bxc3 22. bxc3 Nxd5 23. Bc4 Nf6 24. Nxh6+ gxh6 25. Qxg6+ Kh8 26. Qxh6+ Kg8 27. Qg6+ Kh8 28. Bxf7 Rxe1 29.
Rxe1 Qc6+ 30. Kh2 Qd6+ 31. Kh1 Qc6+ 32. Kg1 Qf3 33. Qh6+ Nh7 34. Qe3 Qxf7 35. Rf1 Qc7 36. h4 Rg8 37. g5 Qd6 38. Rf3 Rd8 39. Kg2 Qd2+ 40. Kg3 Qxe3 41. Rxe3 Rd7 42. Kg4 Kg7 43. h5 b5 44. h6+ Kf7 45. Re5 Rc7 46. Kf5 Rc6 47. Rd5 Nf8 48. Kg4 Kg6 49. Rd8 Ne6 50.
Rg8+ Kf7 51. Ra8 a6 52. Kh5 c4 53. g6+ Kf6 54. h7 Rc5+ 55. Kh6 Nf4 56. h8=Q+ Kf5 57. Rf8+ Ke4 58. Rxf4+ Kxf4 59. Qd4+ Kf3 60. Qxc5 Ke2 61. Qb4 Kd3 62. g7 Kc2 63. g8=Q Kc1 64. Qa5 b4 65. Qxb4 a5 66. Qbxc4 Kb1 67. Qa4 Ka1 68. Qgb3 1/2-1/2

[Event "Late-Titled-Tuesday-Blitz-September-05-2023"]
[Site "Chess.com"]
[Date "2023.09.05"]
[Round "10"]
[White "boguszp"]
[Black "SEBAZZANO"]
[Result "0-1"]
[WhiteElo "2067"]
[BlackElo "2197"]
[TimeControl "180+1"]
[EndTime "15:55:13 PDT"]
[Termination "SEBAZZANO won on time"]

1. d4 Nf6 2. Bf4 c5 3. e3 cxd4 4. exd4 d6 5. Nd2 g6 6. c3 Bg7 7. Ngf3 O-O 8. Bd3 a6 9. O-O Nc6 10. h3 Re8 11. Bh2 e5 12. Re1 Nh5 13. Nc4 exd4 14.
cxd4 Rxe1+ 15. Qxe1 Nxd4 16. Nxd4 Bxd4 17. Bxd6 b5 18.
Be4 bxc4 19. Bxa8 Qxd6 20. Qe8+ Qf8 21. Re1 Be6 22. Qc6 Qc5 23. Qxc5 Bxc5 24. g4 Nf4 25. Bg2 Nd3 26. Re2 Bd4 27. b3 c3 28. Be4 Nc1 29.
Rc2 f5 30. Bb7 Nd3 31. Bxa6 Nb4 32. Re2 Nxa6 33. Rxe6 c2 34. Rc6 Nb4 35. Rc8+ Kg7 36. a3 Bb2 37. axb4 c1=Q+ 38. Rxc1 Bxc1 0-1

[Event "Late-Titled-Tuesday-Blitz-September-05-2023"]
[Site "Chess.com"]
[Date "2023.09.05"]
[Round "10"]
[White "Msb2"]
[Black "MagnusCarlsen"]
[Result "1-0"]
[WhiteElo "3109"]
[BlackElo "3243"]
[TimeControl "180+1"]
[EndTime "15:55:16 PDT"]
[Termination "Msb2 won by resignation"]

1. d4 d5 2. c4 e6 3. Nc3 Nf6 4. cxd5 exd5 5. Bg5 Be7 6. e3 c6 7. Bd3 O-O 8. h3 Re8 9. Qc2 Nbd7 10. Nf3 Ne4 11. Bf4 Ndf6 12. O-O Bf5 13. Ne5 Bf8 14.
f3 Nxc3 15. bxc3 Bxd3 16. Qxd3 Nd7 17. Nxd7 Qxd7 18. e4 c5 19. dxc5 Rad8 20. Rfd1 Bxc5+ 21. Kh1 Qa4 22. Bg3 h5 23. exd5 h4 24. Bh2 Re3 25. Qf5 Re2 26. Qg4 Qxg4 27. hxg4 Rc2 28. Rd3 f6 29. d6 Rd7 30. a4 a5 31. Rad1 Ra2 32. Rd5 Bb6 33. Rb5 Bd8 34. Rdb1 b6 35.
c4 Rxa4 36. c5 bxc5 37. Rxc5 Kf7 38. Rc8 Rd4 39. Rbc1 Rd5 40. Bf4 f5 41. R8c7 Rxd6 42. Bxd6 Bxc7 43. Rxc7 Rxc7 44. Bxc7 fxg4 45. fxg4 a4 46.
Bd6 Ke6 47. Ba3 Ke5 48. Kh2 Kf4 49. Kh3 g6 1-0

[Event "Late-Titled-Tuesday-Blitz-September-05-2023"]
[Site "Chess.com"]
[Date "2023.09.05"]
[Round "10"]
[White "talaicito"]
[Black "picturesquecheck"]
[Result "0-1"]
[WhiteElo "2255"]
[BlackElo "2307"]
[TimeControl "180+1"]
[EndTime "15:55:18 PDT"]
[Termination "picturesquecheck won by resignation"]

1. d4 Nf6 2. Nc3 d5 3. Bf4 e6 4. e3 Bd6 5. Nf3 O-O 6. Bd3 c5 7. dxc5 Bxf4 8. exf4 Qa5 9. O-O Qxc5 10. Ne5 Nc6 11.
Re1 Qe7 12. a3 Rd8 13. Qf3 g6 14. g4 Nxe5 15. fxe5 Nd7 16. b4 b6 17. Qg3 a6 18. Ne2 Bb7 19. Nd4 Rac8 20. f4 a5 21. f5 axb4 22. fxe6 fxe6 23. axb4 Nf8 24. Ra7 Qxb4 25.
Nxe6 Nxe6 26. Rxb7 Rf8 27. Qh4 Rc7 28. Rxc7 Nxc7 29.
e6 Rf4 30. h3 Qd4+ 31. Kh1 Rf8 32. e7 Re8 33. Qg3 Qc5 34. Re6 Rxe7 35. Rxe7 Qxe7 36.
Kg2 Kg7 37. Qf2 Qf6 38. Qe3 Ne6 39. Qxb6 Nf4+ 40. Kh2 Qxb6 41. Kg3 Qe3+ 42. Kh4 Nxd3 43. cxd3 h6 0-1